 Dungeon Crawl Stone Soup version 0.17-a0-1582-ge6b0260 (webtiles) character file.

32 urechis the Magician (level 3, -1/19 HPs)
             Began as a Gargoyle Wizard on July 27, 2015.
             Slain by a gnoll
             ... wielding a +0 halberd
              (10 damage)
             ... on level 2 of the Dungeon.
             The game lasted 00:02:13 (1298 turns).

urechis the Magician (Gargoyle Wizard)              Turns: 1298, Time: 00:02:14

Health: -1/19      AC:  5    Str: 10    XL:     3   Next: 27%
Magic:  0/8        EV: 11    Int: 19    God:
Gold:   22         SH:  0    Dex:  8    Spells: 1 memorised, 8 levels left

rFire  . . .     SeeInvis .     i - +0 hand axe
rCold  . . .     Clarity  .     a - +0 robe
rNeg   + . .     SustAt   .     (no shield)
rPois  ∞         Gourm    .     b - +0 hat
rElec  +         Spirit   .     (no cloak)
rCorr  .         Warding  .     (no gloves)
rMut   .         Stasis   .     (no boots)
MR     .....                    (no amulet)
Stlth  ++........               (no ring)
                                (no ring)

@: very slightly contaminated, not resistant to hostile enchantments, unstealthy
A: negative energy resistance 1, electricity resistance, unbreathing,
petrification resistance, rot immunity, AC +3
a: no special abilities


You were on level 2 of the Dungeon.
You were very hungry.

You visited 1 branch of the dungeon, and saw 2 of its levels.

You collected 22 gold pieces.

Inventory:

Hand weapons
 i - a +0 hand axe (weapon)
Armour
 a - a +0 robe (worn)
 b - a +0 hat (worn)
 h - a +0 buckler
Scrolls
 e - a scroll of random uselessness {unknown}
 f - 2 scrolls of identify {unknown}
 g - 2 scrolls of amnesia {unknown}
 j - a scroll of blinking {unknown}
 k - a scroll of recharging {unknown}
Books
 c - a book of Minor Magic

   Spells                             Type                      Level
   a - Magic Dart                     Conjuration                  1
   b - Blink                          Translocation                2
   c - Call Imp                       Summoning                    2
   d - Repel Missiles                 Charms/Air                   2
   e - Slow                           Hexes                        2
   f - Conjure Flame                  Conjuration/Fire             3
   g - Mephitic Cloud                 Conjuration/Poison/Air       3
Comestibles
 d - a bread ration


   Skills:
 - Level 1.5 Dodging
 - Level 2.1 Stealth
 + Level 3.5 Spellcasting
 + Level 2.5 Conjurations
   Level 0.8 Summonings
   Level 0.8 Translocations


You had 8 spell levels left.
You knew the following spells:

 Your Spells              Type           Power        Failure   Level  Hunger
a - Magic Dart            Conj           ##..         8%          1    None


Dungeon Overview and Level Annotations

Branches:
Dungeon (2/15)

Altars:


Innate Abilities, Weirdness & Mutations

You are resistant to torment.
Your stone body is resilient (AC +3).
You are immune to poison.
You resist negative energy.
You are resistant to electric shocks.
You can survive without breathing.
You are immune to petrification.
You are immune to rotting.


Message History

The gnoll hits you from afar with a halberd!
Casting: Magic Dart
Confirm with . or Enter, or press ? or * to list all spells.
Aiming: Magic Dart
Press: ? - help, Shift-Dir - straight line, f/p - gnoll
Aim: a gnoll, wielding a halberd (almost dead)
The magic dart hits the hobgoblin.
Casting: Magic Dart
Confirm with . or Enter, or press ? or * to list all spells.
Aiming: Magic Dart
Press: ? - help, Shift-Dir - straight line, f/p - gnoll
Aim: a gnoll, wielding a halberd (almost dead)
The magic dart hits the hobgoblin.
The hobgoblin is moderately wounded.
The hobgoblin hits you but does no damage.
You hit the hobgoblin.
You kill the hobgoblin!
The gnoll hits you from afar with a halberd!
Ouch! That really hurt!
You die...

##.......## ##..#
#.........####...##
+.........'.......#
#.........####...##
#.......## ##...##
##.....##
#####.#.## ##...##
#....###.## ##'##
#.#.## ##.# #@#
#.##.###.## #)#
#.###.#.## #g#
#......<# #.....g.#
######.##
#.##.....# #.#
##...## #.# ...##
..# ....# ### .#...


You could see 2 gnolls.

Vanquished Creatures
  An adder (D:2)
  A ball python (D:1)
  A bat (D:1)
  4 hobgoblins
  2 jackals (D:1)
  6 goblins
  4 kobolds (D:1)
  2 rats (D:1)
21 creatures vanquished.

Notes
Turn   | Place    | Note
--------------------------------------------------------------
     0 | D:1      | urechis the Gargoyle Wizard began the quest for the Orb.
     0 | D:1      | Reached XP level 1. HP: 10/10 MP: 4/4
   447 | D:1      | Reached XP level 2. HP: 15/15 MP: 0/6
  1042 | D:2      | Reached XP level 3. HP: 13/19 MP: 2/8
  1298 | D:2      | Slain by a gnoll

Vault maps used:
D:1:      minmay_arrival_four_houses
D:2:      fiery_altar_vehumet, lemuel_round_altar, overflow_temple_1_default,
          minmay_quantized, uniq_jessica

Action                   || total
-------------------------++-------
Melee: Club              ||    21
       Unarmed           ||     6
       Hand axe          ||    27
 Cast: Magic Dart        ||    32
 Stab: Sleeping          ||     3
